 Dungeon Crawl Stone Soup version 0.17.0-28-g6e173f8 (webtiles) character file.

135 septik the Poker (level 5, -3/35 HPs)
             Began as a Merfolk Ice Elementalist on Nov 30, 2015.
             Was an Initiate of Okawaru.
             Slain by a gnoll
             ... wielding a +0 spear
              (7 damage)
             ... on level 3 of the Dungeon.
             The game lasted 00:14:48 (4200 turns).

septik the Poker (Merfolk Ice Elementalist)         Turns: 4200, Time: 00:14:48

Health: -3/35      AC:  2    Str:  8    XL:     5   Next: 18%
Magic:  9/9        EV: 13    Int: 16    God:    Okawaru [......]
Gold:   136        SH:  0    Dex: 14    Spells: 2 memorised, 6 levels left

rFire  . . .     SeeInvis .     m - +0 trident
rCold  . . .     Clarity  .     a - +0 robe
rNeg   + . .     SustAt   .     (no shield)
rPois  .         Gourm    .     (no helmet)
rElec  .         Spirit   .     (no cloak)
rCorr  .         Warding  .     (no gloves)
rMut   .         Stasis   .     (no boots)
MR     .....                    (no amulet)
Stlth  +++.......               v - ring of positive energy
                                q - ring of stealth

@: not resistant to hostile enchantments, fairly stealthy
A: change form in water, swift swim
a: Renounce Religion


You were on level 3 of the Dungeon.
You worshipped Okawaru.
Okawaru was noncommittal.
You were not hungry.

You visited 1 branch of the dungeon, and saw 3 of its levels.

You collected 136 gold pieces.

Inventory:

Hand Weapons
 e - a +0 club
 m - a +0 trident (weapon)
Missiles
 d - 154 stones (quivered)
 g - 9 tomahawks
 x - 7 javelins of returning
Armour
 a - a +0 robe (worn)
 p - a +0 helmet
Jewellery
 q - a ring of stealth (left hand)
 v - a ring of positive energy (right hand)
Wands
 y - a wand of cold (8)
Scrolls
 f - 2 scrolls of remove curse {unknown}
 n - a scroll of teleportation {unknown}
 o - 2 scrolls of identify {unknown}
 r - a scroll of fog {unknown}
 s - a scroll of recharging {unknown}
Potions
 h - a potion of curing
 i - 2 potions of heal wounds {unknown}
 j - a potion of haste {unknown}
 l - 2 potions of agility {unknown}
 u - a potion of poison {unknown}
Books
 b - a book of Frost

   Spells                             Type                      Level
   a - Freeze                         Ice                          1
   b - Throw Frost                    Conjuration/Ice              2
   c - Ozocubu's Armour               Charms/Ice                   3
   d - Throw Icicle                   Conjuration/Ice              4
   e - Summon Ice Beast               Ice/Summoning                4
   f - Condensation Shield            Ice                          4
 t - a book of Hinderance

   Spells                             Type                      Level
   a - Confusing Touch                Hexes                        2
   b - Confuse                        Hexes                        3
   c - Gell's Gravitas                Hexes/Translocation          3
   d - Petrify                        Transmutation/Earth          4
   e - Metabolic Englaciation         Hexes/Ice                    5
Comestibles
 c - a bread ration
 k - a royal jelly
 w - a slice of pizza
 z - 2 chunks of flesh


   Skills:
 + Level 4.4 Polearms
 - Level 2.6 Dodging
 - Level 2.1 Stealth
 - Level 3.0 Spellcasting
   Level 0.7 Conjurations
 - Level 0.4 Charms
 - Level 4.1 Ice Magic


You had 6 spell levels left.
You knew the following spells:

 Your Spells              Type           Power        Failure   Level  Hunger
a - Freeze                Ice            ###.         4%          1    #......
b - Ozocubu's Armour      Chrm/Ice       #.......     21%         3    ###....


Dungeon Overview and Level Annotations

Branches:
Dungeon (3/15)

Altars:
Kikubaaqudgha
Okawaru
Xom

Annotations:
D:3 gorblad's ghost, amateur HOFi


Message History

The giant cockroach barely misses you. The orc hits you with a club.
You completely miss the orc.
The orc is severely wounded.
The giant cockroach closely misses you. The orc closely misses you.
You barely miss the orc.
The orc is severely wounded.
The giant cockroach bites you. The gnoll barely misses you. The orc misses you.
The giant cockroach completely misses you.
The gnoll hits you from afar with a spear.
* * * LOW HITPOINT WARNING * * *
You hit the orc.
The orc is almost dead.
The giant cockroach closely misses you. The orc hits you with a club.
* * * LOW HITPOINT WARNING * * *
The gnoll closely misses you.
You closely miss the orc.
The orc is almost dead.
The giant cockroach misses you. The orc hits you but does no damage.
The gnoll hits you from afar with a spear!
You die...

.....# #..#..#.#..g..#
.....##########..##.#.##....#
........(.....#..##.#.##....#
......#######.#....g..).....#
......#######.#.###..)##....#
..............#..###..##....#
#####.##########.# #..##....#
...##g# #o# #..#####.# ......#
######@###)>......#
..##..#####...##s##.[........
...#.......g..)gg##.##########
_.....#####...#####.# ...#..#
##...##....# ..##..#
#<#####.#### ......# #.# #.#
....#.# #.# #.# ###.#.# #.#
#.#


You could see 2 gnolls, an orc and a giant cockroach.

Vanquished Creatures
  A gnoll (D:3)
  Robin (D:2)
  2 adders
  2 oozes
  5 worms
  2 giant geckos (D:3)
  A ball python (D:1)
  6 bats
  3 giant cockroaches
  17 goblins
  8 hobgoblins
  6 jackals
  6 kobolds
  2 quokkas (D:3)
  6 giant newts
  4 rats (D:1)
72 creatures vanquished.

Notes
Turn   | Place    | Note
--------------------------------------------------------------
     0 | D:1      | septik the Merfolk Ice Elementalist began the quest for the Orb.
     0 | D:1      | Reached XP level 1. HP: 13/13 MP: 3/3
   326 | D:1      | Reached XP level 2. HP: 19/19 MP: 3/5
   836 | D:1      | Reached XP level 3. HP: 24/24 MP: 6/6
   861 | D:1      | Reached skill level 4 in Ice Magic
   953 | D:2      | Noticed Robin
  1201 | D:1      | Learned a level 3 spell: Ozocubu's Armour
  1213 | D:2      | Killed Robin
  1902 | D:2      | Found a shimmering altar of Xom.
  2037 | D:2      | Reached skill level 1 in Polearms
  2037 | D:2      | Reached XP level 4. HP: 28/30 MP: 8/8
  2874 | D:2      | Found an ancient bone altar of Kikubaaqudgha.
  3189 | D:3      | Found an iron altar of Okawaru.
  3203 | D:3      | Became a worshipper of Warmaster Okawaru
  3842 | D:3      | Noticed gorblad's ghost (amateur HOFi)
  3852 | D:3      | Reached XP level 5. HP: 12/35 MP: 6/9
  4200 | D:3      | Slain by a gnoll

Action                   |  1- 3 |  4- 6 || total
-------------------------+-------+-------++-------
Melee: Club              |    31 |       ||    31
       Trident           |    36 |   163 ||   199
Throw: Stone             |    24 |     1 ||    25
 Cast: Freeze            |    33 |     5 ||    38
       Ozocubu's Armour  |       |     2 ||     2
  Use: Potion            |       |     1 ||     1
 Stab: Sleeping          |     2 |    10 ||    12
       Distracted        |     1 |       ||     1
  Eat: Chunk             |     4 |     7 ||    11
